[ AOE2 MATCH · #475441244 ]
UnrankedJapanese vs Hindustanis
[ REPLAY ANALYSIS · EXTRACTED FROM THE RECORDED GAME ]
Feudal
10:06
Castle
22:13
Imperial
—
| APM avg | 33.4 |
| APM peak | 61 |
| eAPM avg | 18.0 |
| Villagers / military | 65 / 36 |
Focus
⚔️ 38.9% · 🌾 61.1%
Archer ×19 · Militia ×10 · Cavalry Archer ×7
Feudal
13:41
Castle
18:05
Imperial
—
| APM avg | 26.9 |
| APM peak | 46 |
| eAPM avg | 14.2 |
| Villagers / military | 61 / 34 |
Focus
⚔️ 25.2% · 🌾 74.8%
Knight ×32 · Monk ×2
Feudal
14:44
Castle
21:17
Imperial
—
| APM avg | 11.2 |
| APM peak | 33 |
| eAPM avg | 8.3 |
| Villagers / military | 64 / 2 |
Focus
⚔️ 14.2% · 🌾 85.8%
Mangonel ×2
Feudal
12:30
Castle
16:00
Imperial
—
| APM avg | 22.4 |
| APM peak | 39 |
| eAPM avg | 16.6 |
| Villagers / military | 106 / 11 |
Focus
⚔️ 16.0% · 🌾 84.0%
Fishing Ship ×28 · Spearman ×5 · Scorpion ×2 · Battering Ram ×2 · Monk ×1 · Mangonel ×1
Feudal
13:25
Castle
18:28
Imperial
—
| APM avg | 11.3 |
| APM peak | 25 |
| eAPM avg | 8.9 |
| Villagers / military | 79 / 11 |
Focus
⚔️ 10.7% · 🌾 89.3%
Mameluke ×11
Feudal
10:29
Castle
14:32
Imperial
—
| APM avg | 28.4 |
| APM peak | 73 |
| eAPM avg | 16.6 |
| Villagers / military | 138 / 1 |
Focus
⚔️ 12.8% · 🌾 87.2%
Monk ×1
Feudal
12:10
Castle
19:38
Imperial
—
| APM avg | 18.0 |
| APM peak | 40 |
| eAPM avg | 8.9 |
| Villagers / military | 52 / 18 |
Focus
⚔️ 15.4% · 🌾 84.6%
Knight ×10 · Battle Elephant ×8
Feudal
18:14
Castle
—
Imperial
—
| APM avg | 12.3 |
| APM peak | 28 |
| eAPM avg | 7.4 |
| Villagers / military | 46 / 0 |
Focus
⚔️ 10.9% · 🌾 89.1%
Fishing Ship ×3
Match map
Initial resources + every placement click. Lines = walls · curves = elevation contours. ◆ gold · ⬟ stone · ● berries · ✦ relic · ◌ wall gap
Your base· Open — opponent sealed themselves in
aldeanovago's base· ✓ Closed at 18:05 · 21t walls · fragile
metallichaos's base· ✓ Closed at 21:17 · 51t walls · no gate
Idle's base· ✓ Closed at 16:00 · 0t walls · fragile
dalamar's base· ✓ Closed at 18:28 · 15t walls · fragile
Guille_'s base· ✓ Closed at 14:32 · 0t walls · fragile
Rascal's base· ✓ Closed at 19:38 · 0t walls · fragile
serdariann19's base· ✓ Closed at 12:00 · 11t walls · 1 gate(s) · fragile
Smoothed initial terrain · ◌ = detected wall gap · hover for details
Inputs per minute
— siggi7 - - aldeanovago
Build order — siggi7
First 150 of 184 actions detected
| 0:03 | Create | Villager (Male) |
| 0:03 | Create | Villager (Male) |
| 0:05 | Build | House |
| 0:06 | Build | House |
| 0:36 | Create | Villager (Male) |
| 0:36 | Create | Villager (Male) |
| 1:33 | Create | Villager (Male) |
| 2:08 | Create | Villager (Male) |
| 2:22 | Create | Villager (Male) |
| 2:26 | Build | Lumber Camp |
| 2:46 | Create | Villager (Male) |
| 3:04 | Build | Mill |
| 3:11 | Build | Mill |
| 3:27 | Create | Villager (Male) |
| 3:46 | Create | Villager (Male) |
| 3:48 | Create | Villager (Male) |
| 3:53 | Build | House |
| 4:17 | Create | Villager (Male) |
| 4:29 | Create | Villager (Male) |
| 5:36 | Create | Villager (Male) |
| 5:37 | Create | Villager (Male) |
| 6:06 | Create | Villager (Male) |
| 6:16 | Build | House |
| 6:20 | Research | Loom |
| 6:48 | Create | Villager (Male) |
| 6:53 | Build | Barracks |
| 7:30 | Create | Villager (Male) |
| 7:56 | Research | Feudal Age |
| 8:00 | Build | Mining Camp |
| 8:08 | Build | Mining Camp |
| 8:17 | Create | Militia |
| 8:17 | Create | Militia |
| 8:21 | Build | House |
| 9:01 | Create | Militia |
| 9:36 | Build | Mill |
| 9:50 | Create | Villager (Male) |
| 9:50 | Create | Villager (Male) |
| 10:06 | Age | Feudal Age |
| 10:07 | Research | Man-at-Arms (upgrade) |
| 10:09 | Create | Villager (Male) |
| 10:15 | Build | Mill |
| 10:19 | Build | Archery Range |
| 10:28 | Create | Militia |
| 10:31 | Research | Arson |
| 11:02 | Create | Villager (Male) |
| 11:05 | Build | Farm |
| 11:08 | Build | Farm |
| 11:29 | Create | Archer |
| 11:33 | Build | House |
| 11:48 | Create | Villager (Male) |
| 12:14 | Create | Militia |
| 12:15 | Create | Archer |
| 12:41 | Create | Militia |
| 12:42 | Create | Archer |
| 12:43 | Create | Villager (Male) |
| 12:49 | Create | Villager (Male) |
| 12:50 | Create | Villager (Male) |
| 12:54 | Build | House |
| 12:57 | Build | Farm |
| 13:03 | Build | Farm |
| 13:04 | Build | Farm |
| 13:27 | Create | Villager (Male) |
| 13:50 | Create | Villager (Male) |
| 13:51 | Create | Militia |
| 13:51 | Create | Archer |
| 14:11 | Create | Militia |
| 14:13 | Create | Villager (Male) |
| 14:15 | Build | Farm |
| 14:15 | Build | Farm |
| 14:30 | Build | Farm |
| 14:30 | Build | Farm |
| 14:49 | Create | Villager (Male) |
| 14:49 | Create | Militia |
| 14:59 | Create | Villager (Male) |
| 15:01 | Create | Villager (Male) |
| 15:12 | Create | Villager (Male) |
| 15:20 | Create | Villager (Male) |
| 15:22 | Create | Archer |
| 15:29 | Create | Villager (Male) |
| 15:32 | Build | House |
| 15:38 | Build | Farm |
| 15:38 | Build | Farm |
| 15:38 | Build | Farm |
| 15:51 | Build | Farm |
| 16:05 | Create | Villager (Male) |
| 16:15 | Create | Villager (Male) |
| 16:19 | Build | House |
| 16:33 | Build | Farm |
| 16:37 | Research | Double-Bit Axe |
| 16:53 | Create | Villager (Male) |
| 16:55 | Create | Archer |
| 16:59 | Build | House |
| 17:08 | Build | Stone Wall |
| 17:08 | Build | Stone Wall |
| 17:09 | Build | Stone Wall |
| 17:10 | Build | Stone Wall |
| 17:19 | Create | Villager (Male) |
| 17:31 | Create | Villager (Male) |
| 17:39 | Build | Farm |
| 17:41 | Build | Farm |
| 17:59 | Create | Villager (Male) |
| 18:15 | Build | Market |
| 18:46 | Build | Gate |
| 18:47 | Build | Stone Wall |
| 18:49 | Build | Stone Wall |
| 18:53 | Create | Villager (Male) |
| 19:01 | Build | Blacksmith |
| 19:19 | Create | Militia |
| 19:33 | Research | Castle Age |
| 19:33 | Research | Castle Age |
| 19:51 | Build | Archery Range |
| 19:53 | Build | Archery Range |
| 20:18 | Research | Fletching |
| 20:20 | Research | Padded Archer Armor |
| 21:01 | Research | Gold Mining |
| 21:02 | Research | Horse Collar |
| 21:13 | Build | Lumber Camp |
| 21:43 | Research | Wheelbarrow |
| 22:01 | Build | Outpost |
| 22:04 | Build | Outpost |
| 22:06 | Build | Outpost |
| 22:11 | Build | House |
| 22:12 | Build | House |
| 22:12 | Build | House |
| 22:13 | Age | Castle Age |
| 22:17 | Create | Cavalry Archer |
| 22:26 | Research | Bodkin Arrow |
| 22:29 | Create | Cavalry Archer |
| 22:29 | Create | Cavalry Archer |
| 22:41 | Create | Cavalry Archer |
| 22:41 | Create | Villager (Male) |
| 22:51 | Build | Town Center |
| 22:54 | Create | Cavalry Archer |
| 23:12 | Create | Cavalry Archer |
| 23:19 | Create | Villager (Male) |
| 23:28 | Create | Cavalry Archer |
| 23:29 | Create | Villager (Male) |
| 24:00 | Create | Villager (Male) |
| 24:05 | Build | Mining Camp |
| 24:06 | Create | Villager (Male) |
| 24:09 | Research | Crossbowman (upgrade) |
| 24:10 | Create | Archer |
| 24:10 | Create | Archer |
| 24:30 | Create | Villager (Male) |
| 24:38 | Create | Archer |
| 24:38 | Create | Archer |
| 25:01 | Create | Villager (Male) |
| 25:31 | Create | Villager (Male) |
| 25:34 | Build | Farm |
| 25:34 | Build | Farm |
Build order — aldeanovago
First 150 of 174 actions detected
| 0:05 | Build | House |
| 0:07 | Build | House |
| 0:07 | Research | Loom |
| 0:08 | Research | Loom |
| 0:17 | Create | Villager (Male) |
| 0:18 | Create | Villager (Male) |
| 0:18 | Create | Villager (Male) |
| 0:18 | Create | Villager (Male) |
| 1:06 | Build | Palisade Wall |
| 1:14 | Build | Palisade Wall |
| 2:26 | Create | Villager (Male) |
| 2:26 | Create | Villager (Male) |
| 2:53 | Build | Lumber Camp |
| 3:22 | Create | Villager (Male) |
| 3:40 | Create | Villager (Male) |
| 4:12 | Create | Villager (Male) |
| 4:12 | Create | Villager (Male) |
| 4:19 | Build | House |
| 4:30 | Create | Villager (Male) |
| 5:16 | Create | Villager (Male) |
| 5:23 | Build | House |
| 5:32 | Create | Villager (Male) |
| 5:40 | Create | Villager (Male) |
| 5:41 | Create | Villager (Male) |
| 5:43 | Create | Villager (Male) |
| 5:43 | Create | Villager (Male) |
| 5:43 | Create | Villager (Male) |
| 6:45 | Create | Villager (Male) |
| 6:49 | Create | Villager (Male) |
| 6:50 | Create | Villager (Male) |
| 7:11 | Create | Villager (Male) |
| 7:58 | Build | Mill |
| 8:24 | Create | Villager (Male) |
| 9:01 | Create | Villager (Male) |
| 9:08 | Build | House |
| 9:17 | Create | Villager (Male) |
| 9:18 | Create | Villager (Male) |
| 9:19 | Create | Villager (Male) |
| 9:48 | Create | Villager (Male) |
| 10:02 | Create | Villager (Male) |
| 10:34 | Build | Lumber Camp |
| 10:43 | Research | Feudal Age |
| 11:19 | Create | Villager (Male) |
| 11:37 | Create | Villager (Male) |
| 11:37 | Create | Villager (Male) |
| 11:58 | Build | House |
| 12:28 | Build | Barracks |
| 12:38 | Build | House |
| 13:02 | Build | Farm |
| 13:06 | Build | Farm |
| 13:25 | Build | Mining Camp |
| 13:41 | Age | Feudal Age |
| 13:47 | Build | Blacksmith |
| 13:53 | Build | Market |
| 13:58 | Create | Villager (Male) |
| 13:58 | Create | Villager (Male) |
| 14:06 | Build | Farm |
| 15:00 | Build | Farm |
| 15:25 | Research | Castle Age |
| 15:34 | Build | Stable |
| 15:37 | Build | Stable |
| 15:50 | Build | Farm |
| 15:53 | Build | Farm |
| 15:57 | Build | Farm |
| 16:25 | Research | Gold Mining |
| 16:41 | Research | Forging |
| 17:30 | Create | Villager (Male) |
| 17:31 | Create | Villager (Male) |
| 17:31 | Create | Villager (Male) |
| 17:55 | Create | Villager (Male) |
| 18:05 | Age | Castle Age |
| 18:07 | Create | Knight |
| 18:08 | Create | Knight |
| 18:08 | Create | Knight |
| 18:08 | Create | Knight |
| 18:26 | Build | Watch Tower |
| 18:38 | Build | Gate |
| 18:42 | Build | Stone Wall |
| 18:43 | Build | Stone Wall |
| 19:08 | Create | Knight |
| 19:08 | Create | Knight |
| 19:08 | Create | Knight |
| 19:13 | Build | Farm |
| 19:14 | Build | Farm |
| 19:15 | Build | Farm |
| 19:15 | Build | Farm |
| 19:15 | Build | Farm |
| 19:15 | Build | Farm |
| 19:16 | Build | Farm |
| 19:17 | Create | Villager (Male) |
| 19:17 | Create | Villager (Male) |
| 19:43 | Build | House |
| 20:06 | Create | Knight |
| 20:06 | Create | Knight |
| 20:06 | Create | Knight |
| 20:12 | Build | House |
| 20:13 | Build | House |
| 20:13 | Build | House |
| 20:14 | Build | House |
| 20:28 | Create | Villager (Male) |
| 20:28 | Create | Villager (Male) |
| 20:28 | Create | Villager (Male) |
| 20:33 | Build | Farm |
| 20:34 | Build | Farm |
| 20:34 | Build | Farm |
| 20:34 | Build | Farm |
| 20:34 | Build | Farm |
| 21:30 | Research | Scale Barding Armor |
| 21:57 | Build | Monastery |
| 22:01 | Create | Villager (Male) |
| 22:01 | Create | Villager (Male) |
| 22:02 | Create | Villager (Male) |
| 22:02 | Create | Villager (Male) |
| 22:05 | Build | Farm |
| 22:05 | Build | Farm |
| 22:05 | Build | Farm |
| 22:05 | Build | Farm |
| 22:06 | Build | Farm |
| 22:07 | Build | Farm |
| 22:07 | Build | Farm |
| 22:14 | Create | Knight |
| 22:15 | Create | Knight |
| 22:31 | Create | Monk |
| 22:59 | Create | Knight |
| 22:59 | Create | Knight |
| 22:59 | Create | Knight |
| 23:00 | Create | Knight |
| 23:00 | Create | Knight |
| 23:15 | Create | Monk |
| 24:03 | Create | Knight |
| 24:03 | Create | Knight |
| 24:36 | Create | Knight |
| 24:37 | Create | Knight |
| 24:37 | Create | Knight |
| 24:37 | Create | Knight |
| 24:41 | Create | Villager (Male) |
| 24:41 | Create | Villager (Male) |
| 24:41 | Create | Villager (Male) |
| 24:42 | Create | Villager (Male) |
| 24:42 | Create | Villager (Male) |
| 24:43 | Create | Villager (Male) |
| 24:48 | Build | Mining Camp |
| 25:38 | Build | House |
| 25:57 | Create | Knight |
| 25:57 | Create | Knight |
| 26:00 | Build | House |
| 26:01 | Build | House |
| 26:01 | Build | House |
| 26:02 | Build | House |
| 26:02 | Build | House |
Build order — metallichaos
103 actions detected in the replay
| 0:01 | Create | Villager (Male) |
| 0:02 | Create | Villager (Male) |
| 0:02 | Create | Villager (Male) |
| 0:03 | Build | House |
| 0:05 | Build | House |
| 0:25 | Create | Villager (Male) |
| 0:26 | Create | Villager (Male) |
| 1:16 | Create | Villager (Male) |
| 1:16 | Create | Villager (Male) |
| 1:31 | Create | Villager (Male) |
| 1:31 | Create | Villager (Male) |
| 1:34 | Research | Loom |
| 1:55 | Create | Villager (Male) ×2 |
| 1:55 | Create | Villager (Male) ×2 |
| 2:21 | Create | Villager (Male) ×2 |
| 2:21 | Create | Villager (Male) ×2 |
| 2:39 | Build | Palisade Wall |
| 2:42 | Build | Palisade Wall |
| 3:22 | Build | Palisade Wall |
| 3:23 | Create | Villager (Male) |
| 3:24 | Create | Villager (Male) |
| 3:24 | Create | Villager (Male) |
| 4:05 | Create | Villager (Male) |
| 4:05 | Create | Villager (Male) |
| 4:45 | Build | Lumber Camp |
| 5:25 | Create | Villager (Male) ×4 |
| 5:25 | Create | Villager (Male) ×4 |
| 5:56 | Build | House |
| 6:21 | Create | Villager (Male) |
| 6:43 | Build | House |
| 7:02 | Create | Villager (Male) |
| 7:55 | Create | Villager (Male) |
| 8:09 | Build | Mill |
| 8:20 | Build | Mill |
| 8:29 | Build | Mill |
| 8:37 | Create | Villager (Male) |
| 8:57 | Create | Villager (Male) |
| 9:10 | Build | Mining Camp |
| 9:14 | Create | Villager (Male) |
| 9:51 | Create | Villager (Male) |
| 10:11 | Build | House |
| 10:13 | Build | House |
| 10:20 | Create | Villager (Male) |
| 10:51 | Create | Villager (Male) |
| 11:12 | Create | Villager (Male) |
| 12:31 | Create | Villager (Male) |
| 12:33 | Research | Feudal Age |
| 12:36 | Create | Villager (Male) |
| 12:37 | Create | Villager (Male) |
| 12:58 | Create | Villager (Male) |
| 13:07 | Build | Mill |
| 13:25 | Create | Villager (Male) |
| 14:44 | Build | Farm |
| 14:44 | Build | Farm |
| 14:44 | Age | Feudal Age |
| 14:45 | Build | Farm |
| 14:45 | Build | Farm |
| 14:45 | Build | Farm |
| 14:50 | Research | Double-Bit Axe |
| 14:53 | Build | House |
| 14:59 | Build | Blacksmith |
| 15:05 | Build | Market |
| 15:26 | Build | Farm |
| 16:01 | Create | Villager (Male) |
| 16:07 | Build | Farm |
| 16:13 | Create | Villager (Male) |
| 16:37 | Build | Stone Wall |
| 16:54 | Build | Farm |
| 16:56 | Create | Villager (Male) |
| 17:27 | Build | Stone Wall |
| 17:35 | Build | Stone Wall |
| 18:03 | Create | Villager (Male) |
| 18:04 | Create | Villager (Male) |
| 18:32 | Create | Villager (Male) |
| 18:34 | Research | Castle Age |
| 18:52 | Create | Villager (Male) |
| 18:52 | Create | Villager (Male) |
| 19:27 | Build | Barracks |
| 19:40 | Build | Stone Wall |
| 20:01 | Build | House |
| 20:06 | Build | House |
| 20:12 | Build | House |
| 20:21 | Create | Villager (Male) |
| 20:35 | Create | Villager (Male) |
| 20:35 | Create | Villager (Male) |
| 20:39 | Build | Mining Camp |
| 21:17 | Age | Castle Age |
| 21:21 | Build | Siege Workshop |
| 21:23 | Create | Villager (Male) |
| 21:23 | Create | Villager (Male) |
| 21:46 | Build | Town Center |
| 21:48 | Create | Villager (Male) |
| 21:49 | Create | Villager (Male) |
| 21:52 | Create | Mangonel |
| 22:19 | Create | Mangonel |
| 22:23 | Build | Farm |
| 22:23 | Build | Farm |
| 22:25 | Create | Villager (Male) |
| 22:25 | Create | Villager (Male) |
| 23:33 | Build | Barracks |
| 24:52 | Create | Villager (Male) |
| 24:52 | Create | Villager (Male) |
| 25:25 | Build | Castle |
Build order — Idle
First 150 of 264 actions detected
| 0:01 | Create | Villager (Male) |
| 0:02 | Create | Villager (Male) |
| 0:04 | Build | House |
| 0:05 | Build | House |
| 0:17 | Create | Villager (Male) |
| 0:18 | Create | Villager (Male) |
| 1:42 | Create | Villager (Male) |
| 1:42 | Create | Villager (Male) |
| 2:08 | Create | Villager (Male) |
| 2:09 | Create | Villager (Male) |
| 2:30 | Create | Villager (Male) |
| 2:30 | Create | Villager (Male) |
| 2:48 | Create | Villager (Male) |
| 2:48 | Create | Villager (Male) |
| 2:48 | Create | Villager (Male) |
| 3:20 | Create | Villager (Male) |
| 3:20 | Create | Villager (Male) |
| 3:27 | Build | Lumber Camp |
| 3:42 | Build | House |
| 3:46 | Create | Villager (Male) |
| 4:31 | Create | Villager (Male) |
| 4:32 | Create | Villager (Male) |
| 5:08 | Create | Villager (Male) |
| 5:08 | Create | Villager (Male) |
| 5:27 | Build | Dock |
| 5:30 | Build | House |
| 5:43 | Create | Villager (Male) |
| 5:43 | Create | Villager (Male) |
| 5:46 | Build | House |
| 5:57 | Create | Villager (Male) |
| 5:57 | Create | Villager (Male) |
| 5:58 | Create | Villager (Male) |
| 6:35 | Create | Fishing Ship |
| 6:53 | Create | Villager (Male) |
| 6:54 | Create | Villager (Male) |
| 6:54 | Create | Villager (Male) |
| 6:54 | Create | Villager (Male) |
| 6:54 | Create | Villager (Male) |
| 7:20 | Create | Villager (Male) |
| 7:25 | Research | Loom |
| 7:28 | Create | Fishing Ship |
| 7:31 | Build | House |
| 7:36 | Build | Mill |
| 7:52 | Create | Villager (Male) |
| 7:53 | Create | Villager (Male) |
| 8:48 | Create | Villager (Male) |
| 8:58 | Build | Mining Camp |
| 9:30 | Create | Villager (Male) |
| 9:32 | Create | Villager (Male) |
| 9:49 | Create | Fishing Ship |
| 9:50 | Create | Fishing Ship |
| 9:51 | Create | Fishing Ship |
| 10:02 | Research | Feudal Age |
| 10:41 | Build | House |
| 11:43 | Create | Fishing Ship |
| 11:57 | Build | Farm |
| 11:58 | Build | Farm |
| 12:23 | Create | Villager (Male) |
| 12:23 | Create | Villager (Male) |
| 12:30 | Age | Feudal Age |
| 12:31 | Build | Market |
| 12:34 | Build | Blacksmith |
| 13:01 | Research | Double-Bit Axe |
| 13:19 | Research | Castle Age |
| 13:46 | Build | Dock |
| 14:01 | Research | Horse Collar |
| 15:04 | Build | Fish Trap |
| 15:10 | Build | Fish Trap |
| 15:19 | Build | Fish Trap |
| 15:21 | Build | Fish Trap |
| 15:42 | Create | Villager (Male) |
| 15:43 | Create | Villager (Male) |
| 15:43 | Create | Villager (Male) |
| 15:58 | Build | House |
| 16:00 | Age | Castle Age |
| 16:05 | Build | Town Center |
| 16:33 | Build | Siege Workshop |
| 16:43 | Research | Bow Saw |
| 16:46 | Build | House |
| 16:55 | Build | Fish Trap |
| 17:11 | Build | Fish Trap |
| 17:14 | Create | Villager (Male) |
| 17:14 | Create | Villager (Male) |
| 17:27 | Create | Villager (Male) |
| 17:27 | Create | Villager (Male) |
| 17:27 | Create | Villager (Male) |
| 17:28 | Create | Villager (Male) |
| 17:37 | Build | Town Center |
| 17:45 | Research | Tech 906 |
| 17:55 | Create | Villager (Male) |
| 18:25 | Create | Villager (Male) |
| 18:26 | Create | Villager (Male) |
| 18:32 | Research | Gillnets |
| 18:34 | Create | Fishing Ship |
| 18:35 | Create | Fishing Ship |
| 18:35 | Create | Fishing Ship |
| 18:35 | Create | Fishing Ship |
| 18:36 | Create | Fishing Ship |
| 18:47 | Build | Farm |
| 18:53 | Create | Villager (Male) |
| 18:54 | Create | Villager (Male) |
| 18:57 | Research | Heavy Plow |
| 19:15 | Create | Villager (Male) |
| 19:15 | Create | Villager (Male) |
| 19:15 | Create | Villager (Male) |
| 19:15 | Create | Villager (Male) |
| 19:22 | Build | Farm |
| 19:23 | Build | Farm |
| 19:25 | Build | Farm |
| 19:34 | Create | Mangonel |
| 19:50 | Build | Barracks |
| 20:03 | Create | Villager (Male) |
| 20:09 | Build | Outpost |
| 20:13 | Create | Scorpion |
| 20:15 | Create | Villager (Male) |
| 20:18 | Create | Villager (Male) |
| 20:20 | Build | Farm |
| 20:21 | Build | Farm |
| 20:25 | Build | Fish Trap |
| 20:28 | Build | House |
| 20:29 | Build | House |
| 20:30 | Build | House |
| 20:31 | Build | House |
| 20:32 | Build | House |
| 20:33 | Build | House |
| 20:41 | Build | Farm |
| 20:44 | Build | Farm |
| 20:46 | Create | Villager (Male) |
| 20:51 | Build | Fish Trap |
| 20:52 | Create | Villager (Male) |
| 20:53 | Create | Villager (Male) |
| 20:53 | Create | Villager (Male) |
| 20:53 | Create | Villager (Male) |
| 20:53 | Create | Villager (Male) |
| 20:54 | Create | Villager (Male) |
| 20:54 | Create | Villager (Male) |
| 20:54 | Create | Villager (Male) |
| 21:03 | Create | Spearman |
| 21:03 | Create | Spearman |
| 21:07 | Create | Scorpion |
| 21:16 | Build | Outpost |
| 21:20 | Build | Monastery |
| 21:33 | Build | Fish Trap |
| 21:36 | Create | Villager (Male) |
| 21:36 | Create | Villager (Male) |
| 21:36 | Create | Villager (Male) |
| 21:36 | Create | Villager (Male) |
| 21:42 | Build | Farm |
| 21:48 | Create | Fishing Ship |
| 21:48 | Create | Fishing Ship |
Build order — dalamar
137 actions detected in the replay
| 0:04 | Build | House |
| 0:06 | Build | House |
| 0:06 | Create | Villager (Male) |
| 0:07 | Create | Villager (Male) |
| 0:07 | Create | Villager (Male) |
| 0:07 | Create | Villager (Male) |
| 0:08 | Create | Villager (Male) |
| 1:34 | Create | Villager (Male) |
| 1:34 | Create | Villager (Male) |
| 1:59 | Research | Loom |
| 2:16 | Build | Palisade Wall |
| 2:21 | Create | Villager (Male) |
| 2:21 | Create | Villager (Male) |
| 2:28 | Build | Lumber Camp |
| 2:30 | Create | Villager (Male) |
| 2:30 | Create | Villager (Male) |
| 3:12 | Build | Palisade Wall |
| 3:14 | Create | Villager (Male) |
| 3:14 | Create | Villager (Male) |
| 3:34 | Create | Villager (Male) |
| 3:59 | Create | Villager (Male) |
| 3:59 | Create | Villager (Male) |
| 4:22 | Create | Villager (Male) |
| 4:22 | Create | Villager (Male) |
| 4:46 | Create | Villager (Male) |
| 4:46 | Create | Villager (Male) |
| 4:50 | Build | House |
| 5:10 | Build | Mill |
| 5:23 | Build | House |
| 5:33 | Build | House |
| 5:50 | Create | Villager (Male) |
| 5:51 | Create | Villager (Male) |
| 5:51 | Create | Villager (Male) |
| 5:54 | Build | House |
| 6:10 | Create | Villager (Male) |
| 6:10 | Create | Villager (Male) |
| 6:42 | Create | Villager (Male) |
| 6:42 | Create | Villager (Male) |
| 6:53 | Build | House |
| 7:33 | Build | House |
| 7:34 | Create | Villager (Male) |
| 7:44 | Build | Lumber Camp |
| 7:48 | Create | Villager (Male) |
| 7:48 | Create | Villager (Male) |
| 8:03 | Build | House |
| 8:06 | Create | Villager (Male) |
| 9:07 | Build | Mill |
| 9:15 | Create | Villager (Male) |
| 9:17 | Create | Villager (Male) |
| 9:55 | Build | Mining Camp |
| 10:08 | Create | Villager (Male) |
| 10:41 | Build | Farm |
| 11:15 | Research | Feudal Age |
| 11:15 | Create | Villager (Male) |
| 11:16 | Create | Villager (Male) |
| 13:03 | Build | Mill |
| 13:25 | Age | Feudal Age |
| 13:40 | Build | Market |
| 13:47 | Build | Blacksmith |
| 14:11 | Build | Farm |
| 14:16 | Create | Villager (Male) |
| 14:18 | Build | Farm |
| 14:40 | Build | Mining Camp |
| 15:43 | Build | Farm |
| 15:45 | Create | Villager (Male) |
| 15:48 | Research | Castle Age |
| 17:16 | Create | Villager (Male) |
| 17:17 | Create | Villager (Male) |
| 17:52 | Create | Villager (Male) |
| 18:28 | Age | Castle Age |
| 18:58 | Build | Castle |
| 19:07 | Create | Villager (Male) |
| 19:07 | Create | Villager (Male) |
| 19:11 | Build | Farm |
| 19:12 | Create | Villager (Male) |
| 19:26 | Build | Farm |
| 19:27 | Create | Villager (Male) |
| 19:46 | Build | Farm |
| 19:47 | Create | Villager (Male) |
| 20:59 | Create | Villager (Male) |
| 21:00 | Create | Villager (Male) |
| 21:10 | Build | Farm |
| 21:13 | Build | Farm |
| 21:19 | Build | Dock |
| 21:19 | Create | Villager (Male) |
| 21:20 | Create | Villager (Male) |
| 21:20 | Create | Villager (Male) |
| 21:40 | Create | Villager (Male) |
| 21:40 | Create | Villager (Male) |
| 22:20 | Build | Mining Camp |
| 22:22 | Create | Mameluke |
| 22:22 | Create | Mameluke |
| 22:22 | Create | Mameluke |
| 22:22 | Create | Mameluke |
| 22:23 | Create | Mameluke |
| 22:23 | Create | Mameluke |
| 22:47 | Create | Villager (Male) |
| 22:48 | Create | Villager (Male) |
| 23:01 | Build | Farm |
| 23:02 | Create | Villager (Male) |
| 23:02 | Create | Villager (Male) |
| 23:04 | Create | Villager (Male) |
| 23:04 | Create | Villager (Male) |
| 23:04 | Create | Villager (Male) |
| 23:19 | Create | Villager (Male) |
| 23:31 | Create | Villager (Male) |
| 23:32 | Create | Villager (Male) |
| 24:11 | Create | Villager (Male) |
| 24:12 | Create | Villager (Male) |
| 24:34 | Build | Castle |
| 24:37 | Create | Villager (Male) |
| 24:38 | Create | Villager (Male) |
| 24:38 | Create | Villager (Male) |
| 24:38 | Create | Villager (Male) |
| 24:42 | Build | Farm |
| 24:45 | Build | Farm |
| 24:48 | Create | Villager (Male) |
| 25:18 | Create | Mameluke |
| 25:18 | Create | Mameluke |
| 25:27 | Create | Villager (Male) |
| 25:35 | Build | Farm |
| 25:36 | Build | House |
| 25:50 | Build | University |
| 26:05 | Create | Mameluke |
| 26:17 | Build | Farm |
| 26:21 | Create | Villager (Male) |
| 26:22 | Create | Villager (Male) |
| 26:43 | Create | Mameluke |
| 26:44 | Create | Mameluke |
| 27:00 | Build | Farm |
| 27:10 | Create | Villager (Male) |
| 27:10 | Create | Villager (Male) |
| 27:10 | Create | Villager (Male) |
| 27:38 | Build | Town Center |
| 29:05 | Create | Villager (Male) |
| 29:05 | Create | Villager (Male) |
| 29:05 | Create | Villager (Male) |
Build order — Guille_
First 150 of 264 actions detected
| 0:04 | Create | Villager (Male) |
| 0:05 | Create | Villager (Male) |
| 0:05 | Create | Villager (Male) |
| 0:07 | Build | House |
| 0:08 | Build | House |
| 0:34 | Create | Villager (Male) |
| 0:57 | Create | Villager (Male) |
| 0:57 | Create | Villager (Male) |
| 0:57 | Create | Villager (Male) |
| 1:25 | Create | Villager (Male) |
| 1:53 | Build | Lumber Camp |
| 2:23 | Create | Villager (Male) |
| 2:39 | Create | Villager (Male) |
| 2:55 | Create | Villager (Male) |
| 3:05 | Create | Villager (Male) |
| 3:06 | Create | Villager (Male) |
| 3:25 | Build | House |
| 3:27 | Build | House |
| 3:38 | Create | Villager (Male) |
| 3:38 | Create | Villager (Male) |
| 3:52 | Create | Villager (Male) |
| 4:40 | Build | Mill |
| 4:45 | Create | Villager (Male) |
| 5:13 | Create | Villager (Male) |
| 5:15 | Create | Villager (Male) |
| 5:16 | Create | Villager (Male) |
| 5:16 | Create | Villager (Male) |
| 5:37 | Create | Villager (Male) |
| 6:04 | Create | Villager (Male) |
| 6:46 | Create | Villager (Male) |
| 6:57 | Create | Villager (Male) |
| 7:01 | Build | Mining Camp |
| 7:13 | Create | Villager (Male) |
| 7:49 | Build | Farm |
| 8:00 | Create | Villager (Male) |
| 8:16 | Build | Farm |
| 8:19 | Research | Feudal Age |
| 8:25 | Build | Farm |
| 9:56 | Build | House |
| 10:01 | Create | Villager (Male) |
| 10:01 | Create | Villager (Male) |
| 10:29 | Age | Feudal Age |
| 10:34 | Build | Market |
| 10:46 | Build | Blacksmith |
| 10:59 | Build | Farm |
| 11:00 | Build | Farm |
| 11:18 | Research | Loom |
| 12:07 | Research | Castle Age |
| 12:07 | Research | Castle Age |
| 12:07 | Research | Castle Age |
| 12:51 | Research | Horse Collar |
| 12:52 | Research | Horse Collar |
| 12:52 | Research | Horse Collar |
| 13:10 | Research | Double-Bit Axe |
| 13:10 | Research | Double-Bit Axe |
| 13:17 | Build | House |
| 13:25 | Build | Farm |
| 13:28 | Build | Farm |
| 14:15 | Create | Villager (Male) |
| 14:32 | Age | Castle Age |
| 14:37 | Create | Villager (Male) |
| 14:42 | Research | Bow Saw |
| 14:42 | Research | Bow Saw |
| 14:42 | Research | Bow Saw |
| 14:44 | Create | Villager (Male) |
| 15:13 | Create | Villager (Male) |
| 15:27 | Build | Town Center |
| 15:46 | Create | Villager (Male) |
| 15:54 | Build | Town Center |
| 16:27 | Create | Villager (Male) |
| 16:32 | Build | House |
| 16:48 | Create | Villager (Male) |
| 16:51 | Build | Farm |
| 17:03 | Build | Farm |
| 17:06 | Build | Farm |
| 17:07 | Create | Villager (Male) |
| 17:07 | Create | Villager (Male) |
| 17:07 | Create | Villager (Male) |
| 17:10 | Build | Farm |
| 17:13 | Build | Farm |
| 17:19 | Build | Farm |
| 17:20 | Build | Farm |
| 17:24 | Create | Villager (Male) |
| 17:44 | Create | Villager (Male) |
| 17:45 | Create | Villager (Male) |
| 17:47 | Create | Villager (Male) |
| 17:55 | Build | Farm |
| 17:58 | Build | Farm |
| 18:01 | Build | Farm |
| 18:04 | Build | Farm |
| 18:07 | Build | Farm |
| 18:10 | Build | Farm |
| 18:14 | Create | Villager (Male) |
| 18:14 | Create | Villager (Male) |
| 18:15 | Create | Villager (Male) |
| 18:20 | Create | Villager (Male) |
| 18:29 | Build | Farm |
| 18:56 | Create | Villager (Male) |
| 18:57 | Create | Villager (Male) |
| 18:58 | Create | Villager (Male) |
| 19:00 | Build | Farm |
| 19:12 | Build | Farm |
| 19:15 | Build | Farm |
| 19:17 | Build | Farm |
| 19:21 | Create | Villager (Male) |
| 19:29 | Create | Villager (Male) |
| 19:30 | Create | Villager (Male) |
| 19:36 | Build | Farm |
| 19:46 | Build | House |
| 19:50 | Create | Villager (Male) |
| 19:50 | Create | Villager (Male) |
| 19:51 | Create | Villager (Male) |
| 19:56 | Research | Wheelbarrow |
| 20:04 | Research | Town Watch |
| 20:08 | Create | Villager (Male) |
| 20:14 | Build | House |
| 20:17 | Build | Farm |
| 20:22 | Create | Villager (Male) |
| 20:23 | Create | Villager (Male) |
| 20:25 | Create | Villager (Male) |
| 20:33 | Create | Villager (Male) |
| 20:47 | Build | Town Center |
| 20:52 | Create | Villager (Male) |
| 20:52 | Create | Villager (Male) |
| 20:52 | Create | Villager (Male) |
| 20:59 | Build | House |
| 21:00 | Build | House |
| 21:01 | Build | House |
| 21:04 | Create | Villager (Male) |
| 21:19 | Create | Villager (Male) |
| 21:20 | Create | Villager (Male) |
| 21:22 | Create | Villager (Male) |
| 21:23 | Create | Villager (Male) |
| 21:37 | Create | Villager (Male) |
| 21:52 | Create | Villager (Male) |
| 21:55 | Build | Farm |
| 22:03 | Build | Farm |
| 22:13 | Build | Farm |
| 22:15 | Create | Villager (Male) |
| 22:16 | Create | Villager (Male) |
| 22:18 | Create | Villager (Male) |
| 22:28 | Create | Villager (Male) |
| 22:29 | Create | Villager (Male) |
| 22:30 | Create | Villager (Male) |
| 22:31 | Create | Villager (Male) |
| 22:33 | Create | Villager (Male) |
| 22:34 | Create | Villager (Male) |
| 22:40 | Build | Farm |
| 22:45 | Build | Farm |
| 22:50 | Build | Farm |
Build order — Rascal
113 actions detected in the replay
| 0:01 | Create | Villager (Male) |
| 0:01 | Create | Villager (Male) |
| 0:03 | Build | House |
| 0:05 | Build | House |
| 0:09 | Create | Villager (Male) |
| 0:09 | Create | Villager (Male) |
| 1:47 | Create | Villager (Male) |
| 2:11 | Create | Villager (Male) |
| 2:12 | Create | Villager (Male) |
| 2:40 | Create | Villager (Male) |
| 3:03 | Research | Loom |
| 3:09 | Create | Villager (Male) |
| 3:39 | Create | Villager (Male) |
| 3:39 | Create | Villager (Male) |
| 4:13 | Build | House |
| 4:21 | Create | Villager (Male) |
| 4:47 | Build | House |
| 5:01 | Create | Villager (Male) |
| 5:03 | Create | Villager (Male) |
| 5:33 | Create | Villager (Male) ×2 |
| 6:31 | Create | Villager (Male) |
| 6:52 | Build | Mill |
| 7:19 | Create | Villager (Male) |
| 7:20 | Create | Villager (Male) |
| 7:44 | Create | Villager (Male) |
| 8:05 | Build | Mill |
| 8:15 | Create | Villager (Male) |
| 8:15 | Create | Villager (Male) |
| 8:52 | Create | Villager (Male) |
| 9:29 | Create | Villager (Male) ×5 |
| 9:41 | Build | House |
| 10:00 | Research | Feudal Age |
| 10:30 | Build | Mill |
| 11:39 | Create | Villager (Male) |
| 11:39 | Create | Villager (Male) |
| 12:03 | Create | Villager (Male) |
| 12:10 | Age | Feudal Age |
| 12:43 | Build | Lumber Camp |
| 12:55 | Create | Villager (Male) |
| 12:56 | Create | Villager (Male) |
| 13:20 | Create | Villager (Male) |
| 13:37 | Create | Villager (Male) |
| 13:51 | Build | House |
| 14:03 | Research | Double-Bit Axe |
| 14:06 | Create | Villager (Male) |
| 14:16 | Build | House |
| 14:32 | Build | Mining Camp |
| 14:34 | Create | Villager (Male) |
| 15:04 | Build | Stable |
| 15:11 | Create | Villager (Male) |
| 15:47 | Build | Stable |
| 16:02 | Create | Villager (Male) |
| 16:02 | Create | Villager (Male) |
| 16:23 | Build | Blacksmith |
| 16:58 | Research | Castle Age |
| 17:21 | Build | Farm |
| 17:23 | Build | Farm |
| 17:24 | Build | Farm |
| 17:44 | Build | Mining Camp |
| 17:58 | Build | Farm |
| 18:00 | Build | Farm |
| 18:04 | Build | Farm |
| 18:07 | Build | Farm |
| 18:22 | Build | Farm |
| 18:38 | Research | Bloodlines |
| 19:10 | Research | Fletching |
| 19:10 | Research | Fletching |
| 19:26 | Build | Watch Tower |
| 19:34 | Create | Villager (Male) |
| 19:38 | Age | Castle Age |
| 20:39 | Build | Lumber Camp |
| 20:42 | Create | Villager (Male) |
| 20:52 | Create | Battle Elephant |
| 21:20 | Build | House |
| 21:33 | Build | Farm |
| 21:41 | Create | Battle Elephant |
| 21:51 | Build | Farm |
| 22:03 | Research | Forging |
| 22:16 | Build | Farm |
| 22:20 | Build | Farm |
| 22:41 | Create | Villager (Male) |
| 22:49 | Build | Farm |
| 22:49 | Build | Farm |
| 22:51 | Build | Farm |
| 22:52 | Build | Farm |
| 22:54 | Research | Horse Collar |
| 23:04 | Build | Farm |
| 23:11 | Create | Villager (Male) |
| 23:18 | Build | Farm |
| 23:23 | Build | Farm |
| 23:29 | Create | Battle Elephant |
| 24:08 | Create | Knight ×4 |
| 24:25 | Create | Villager (Male) ×3 |
| 24:44 | Build | House |
| 24:50 | Research | Wheelbarrow |
| 24:59 | Build | Town Center |
| 25:04 | Create | Villager (Male) |
| 25:05 | Create | Villager (Male) |
| 25:16 | Research | Bow Saw |
| 25:25 | Build | Farm |
| 25:25 | Build | Farm |
| 25:26 | Build | Farm |
| 25:40 | Create | Battle Elephant |
| 25:58 | Build | House |
| 25:59 | Build | House |
| 26:17 | Create | Battle Elephant ×2 |
| 26:17 | Create | Battle Elephant ×2 |
| 26:43 | Research | Husbandry |
| 26:59 | Research | Scale Barding Armor |
| 27:06 | Build | Farm |
| 27:10 | Create | Villager (Male) ×3 |
| 28:35 | Create | Knight ×3 |
| 28:36 | Create | Knight ×3 |
Build order — serdariann19
68 actions detected in the replay
| 0:01 | Create | Villager (Male) |
| 0:01 | Create | Villager (Male) |
| 0:02 | Create | Villager (Male) |
| 0:04 | Build | House |
| 0:06 | Build | House |
| 0:49 | Research | Loom |
| 0:50 | Create | Villager (Male) |
| 0:51 | Create | Villager (Male) |
| 1:38 | Build | Palisade Wall |
| 1:51 | Create | Villager (Male) |
| 1:51 | Create | Villager (Male) |
| 2:14 | Create | Villager (Male) |
| 2:14 | Create | Villager (Male) |
| 2:38 | Create | Villager (Male) |
| 2:38 | Create | Villager (Male) |
| 3:09 | Create | Villager (Male) |
| 3:10 | Create | Villager (Male) |
| 3:21 | Create | Villager (Male) |
| 3:21 | Create | Villager (Male) |
| 3:49 | Build | House |
| 4:18 | Build | Lumber Camp |
| 4:29 | Build | Palisade Gate |
| 4:35 | Create | Villager (Male) |
| 4:36 | Create | Villager (Male) |
| 4:36 | Create | Villager (Male) |
| 4:56 | Create | Villager (Male) |
| 4:56 | Create | Villager (Male) |
| 5:30 | Create | Villager (Male) |
| 5:30 | Create | Villager (Male) |
| 5:30 | Create | Villager (Male) |
| 6:13 | Create | Villager (Male) |
| 6:14 | Create | Villager (Male) |
| 6:31 | Build | Mill |
| 7:34 | Create | Villager (Male) |
| 7:35 | Create | Villager (Male) |
| 7:54 | Build | Dock |
| 8:02 | Build | House |
| 8:05 | Build | House |
| 8:12 | Create | Villager (Male) |
| 8:12 | Create | Villager (Male) |
| 8:12 | Create | Villager (Male) |
| 8:33 | Create | Villager (Male) |
| 8:33 | Create | Villager (Male) |
| 9:07 | Create | Villager (Male) |
| 9:07 | Create | Villager (Male) |
| 9:07 | Create | Villager (Male) |
| 9:35 | Build | House |
| 9:43 | Create | Villager (Male) |
| 10:05 | Create | Fishing Ship |
| 10:58 | Build | House |
| 11:05 | Build | House |
| 11:09 | Build | House |
| 11:26 | Build | Mining Camp |
| 14:05 | Build | House |
| 15:35 | Build | House |
| 16:04 | Research | Feudal Age |
| 16:17 | Build | House |
| 16:40 | Build | Barracks |
| 17:53 | Create | Villager (Male) ×5 |
| 18:14 | Age | Feudal Age |
| 18:37 | Create | Villager (Male) |
| 18:37 | Create | Villager (Male) |
| 19:48 | Build | Stone Wall |
| 21:04 | Create | Fishing Ship |
| 23:00 | Create | Fishing Ship |
| 24:15 | Create | Villager (Male) |
| 24:15 | Create | Villager (Male) |
| 25:48 | Create | Villager (Male) |
Match timeline
| 1:06 | aldeanovago · wall_segment Palisade Wall x9 |
| 1:14 | aldeanovago · wall_segment Palisade Wall x12 |
| 1:38 | serdariann19 · wall_segment Palisade Wall x11 |
| 2:16 | dalamar · wall_segment Palisade Wall x8 |
| 2:39 | metallichaos · wall_segment Palisade Wall x3 |
| 2:42 | metallichaos · wall_segment Palisade Wall x10 |
| 3:12 | dalamar · wall_segment Palisade Wall x7 |
| 3:22 | metallichaos · wall_segment Palisade Wall x10 |
| 5:27 | Idle · first_building Dock |
| 6:53 | siggi7 · first_building Barracks |
| 7:54 | serdariann19 · first_building Dock |
| 10:06 | siggi7 · age_up feudal |
| 10:19 | siggi7 · first_building Archery Range |
| 10:29 | Guille_ · age_up feudal |
| 12:10 | Rascal · age_up feudal |
| 12:28 | aldeanovago · first_building Barracks |
| 12:30 | Idle · age_up feudal |
| 13:25 | dalamar · age_up feudal |
| 13:41 | aldeanovago · age_up feudal |
| 14:32 | Guille_ · age_up castle |
| 14:44 | metallichaos · age_up feudal |
| 15:04 | Rascal · first_building Stable |
| 15:34 | aldeanovago · first_building Stable |
| 16:00 | Idle · age_up castle |
| 16:33 | Idle · first_building Siege Workshop |
| 16:37 | metallichaos · wall_segment Stone Wall x14 |
| 16:40 | serdariann19 · first_building Barracks |
| 17:08 | siggi7 · wall_segment Stone Wall x1 |
| 17:08 | siggi7 · wall_segment Stone Wall x1 |
| 17:09 | siggi7 · wall_segment Stone Wall x1 |
| 17:10 | siggi7 · wall_segment Stone Wall x1 |
| 17:17 | Idle · first_market_buy 100 wood |
| 17:27 | metallichaos · wall_segment Stone Wall x2 |
| 17:35 | metallichaos · wall_segment Stone Wall x7 |
| 18:05 | aldeanovago · age_up castle |
| 18:14 | serdariann19 · age_up feudal |
| 18:28 | dalamar · age_up castle |
| 18:42 | aldeanovago · wall_segment Stone Wall x4 |
| 18:43 | aldeanovago · wall_segment Stone Wall x3 |
| 18:47 | siggi7 · wall_segment Stone Wall x1 |
| 18:49 | siggi7 · wall_segment Stone Wall x7 |
| 18:58 | dalamar · first_building Castle |
| 19:27 | metallichaos · first_building Barracks |
| 19:38 | Rascal · age_up castle |
| 19:40 | metallichaos · wall_segment Stone Wall x6 |
| 19:48 | serdariann19 · wall_segment Stone Wall x3 |
| 19:50 | Idle · first_building Barracks |
| 21:17 | metallichaos · age_up castle |
| 21:19 | dalamar · first_building Dock |
| 21:20 | Idle · first_building Monastery |
| 21:21 | metallichaos · first_building Siege Workshop |
| 21:39 | metallichaos · first_market_buy 100 stone |
| 21:57 | aldeanovago · first_building Monastery |
| 22:13 | siggi7 · age_up castle |
| 23:42 | metallichaos · first_market_sell 500 wood |
| 24:16 | Guille_ · first_building Monastery |
| 25:25 | metallichaos · first_building Castle |
| 26:23 | serdariann19 · resign |
| 28:10 | Idle · first_market_sell 500 wood |
| 28:33 | aldeanovago · wall_segment Stone Wall x1 |
| 28:36 | aldeanovago · wall_segment Stone Wall x3 |
| 28:42 | Guille_ · first_building Barracks |
| 29:01 | siggi7 · first_building Castle |
[ AI ANALYSIS · 1 CREDIT ]
What really happened in this match?
Wolo.gg analyzes every decision: build order, eco, micro, common mistakes by bracket. Personalized analysis on WhatsApp or Discord in 30 seconds.
Civ guide
Japanese
Perfil
Jugador #4045895